 Dungeon Crawl Stone Soup version 0.26-a0-639-g72c4674329 (webtiles) character file.

Game seed: 8238823691977587542

1294 Conn the Magician (level 8, -5/52 HPs)
             Began as an Octopode Hedge Wizard on Sept 19, 2020.
             Slain by a troll (15 damage)
             ... on level 7 of the Dungeon.
             The game lasted 00:24:54 (6843 turns).

Conn the Magician (Octopode Hedge Wizard)           Turns: 6843, Time: 00:24:54

Health: -5/52      AC:  2    Str: 15    XL:     8   Next: 56%
Magic:  17/17      EV: 14    Int: 19    God:
Gold:   367        SH:  0    Dex: 11    Spells: 8/19 levels left

rFire    x . .     SeeInvis +   a - +2 dire flail (holy)
rCold    + . .     Faith    .   (shield currently unavailable)
rNeg     . . .     Spirit   .   s - +1 hat
rPois    .         Reflect  .   (no amulet)
rElec    .         Harm     .   i - +6 ring of strength
rCorr    .         Rampage  .   f - ring of ice
MR       .....                  x - ring of see invisible
Stlth    ++++......             (no ring)
HPRegen  0.17/turn              (no ring)
MPRegen  0.15/turn              (no ring)
                                (no ring)
                                (no ring)

@: no status effects
A: almost no armour, stealthy swim, amphibious, 8 rings, constrict 8, camouflage
1, gelatinous body 1
a: no special abilities


You were on level 7 of the Dungeon.
You visited 1 branch of the dungeon, and saw 7 of its levels.
You also visited: Sewer.

You collected 367 gold pieces.

Inventory:

Hand Weapons
 a - a +2 dire flail of holy wrath (weapon)
 j - a +0 short sword
 q - a +0 dagger
Missiles
 c - 71 sling bullets
 k - 26 poisoned darts (quivered)
Armour
 s - a +1 hat (worn)
Magical Staves
 b - an uncursed staff of conjuration
 w - an uncursed staff of fire
Jewellery
 f - a ring of ice (right tentacle)
 i - a +6 ring of strength (left tentacle)
 x - a ring of see invisible (on tentacle)
Wands
 r - a wand of iceblast (13)
 u - a wand of random effects (12)
 z - a wand of acid (8)
 B - a wand of digging (5)
 C - a wand of polymorph (3)
Scrolls
 e - 5 scrolls of identify
 n - 5 scrolls of teleportation
 y - 2 scrolls of immolation
 A - 3 scrolls of remove curse
 E - 2 scrolls of blinking
 F - a scroll of fog {unknown}
 G - a scroll of acquirement {unknown}
Potions
 d - 2 potions of brilliance
 g - 3 potions of degeneration {unknown}
 h - a potion of lignification {unknown}
 l - 3 potions of flight {unknown}
 m - 2 potions of heal wounds {unknown}
 o - 2 potions of magic {unknown}
 p - 5 potions of curing {unknown}
 t - a potion of cancellation {unknown}
 v - a potion of haste {unknown}
 D - a potion of resistance {unknown}


   Skills:
 * Level 3.4 Fighting
 + Level 1.0 Short Blades
 + Level 4.0 Maces & Flails
 + Level 3.2 Dodging
 + Level 5.7 Stealth
 + Level 6.1 Spellcasting
 + Level 2.6 Conjurations
 + Level 2.4 Summonings
 + Level 1.0 Translocations
 + Level 0.3 Poison Magic


You had 8 spell levels left.
You knew the following spells:

 Your Spells              Type           Power        Failure   Level
a - Magic Dart            Conj           ###.         3%          1
b - Blink                 Tloc           N/A          11%         2
c - Call Imp              Summ           ###.....     6%          2
d - Conjure Flame         Conj/Fire      ##......     19%         3
e - Mephitic Cloud        Conj/Pois/Air  #.......     22%         3

Your spell library contained the following spells:

 Spells                   Type           Power        Failure   Level
 Slow                     Hex            #.......     17%         2


Dungeon Overview and Level Annotations

Branches:
Dungeon (7/15)              Sewer (visited)
 Temple: D:4-7

Altars:
Ashenzari
Cheibriados
Fedhas
Gozag
Hepliaklqana
Nemelex Xobeh
Okawaru
Ru
Uskayaw
Wu Jian
Xom
Yredelemnul
Zin


Innate Abilities, Weirdness & Mutations

You cannot wear most types of armour.
You are very stealthy in the water. (Stealth+)
You are amphibious.
You can wear up to eight rings at the same time.
You can use your tentacles to constrict eight enemies at once.
Your skin changes colour to match your surroundings (Stealth+).
Your rubbery body absorbs attacks. (AC +1, EV +1)


Message History

Confirm with . or Enter, or press ? or * to list all spells.
A beastly little devil appears in a puff of frigid air.
Your white imp says, "I yield to your service, O grandiloquent and greatest magnate!"
The troll bites you! The troll barely misses you. The troll claws you.
The ice beast closely misses your white imp.
Your white imp hits the ice beast.
Your white imp freezes the ice beast.
The ice beast completely resists.
The troll bites you! The troll claws you!
* * * LOW HITPOINT WARNING * * *
The troll claws you!
* * * LOW HITPOINT WARNING * * *
Your crimson imp disappears in a puff of smoke!
There is a stone staircase leading up here.
Press: ? - help, v - describe, . - travel
Here: a troll The floor, spattered with blood.
Unknown command.
There is a stone staircase leading up here.
The troll bites you!
You die...

... #......#
..####.####....# #
#########
T(.......†.5...##.#.
.........
......##.###........
†........ ....# #.#
#...##### .#.......
!## #.# #...#
######### ##.####..#
# #####........#
#########
#.@TY.#..##..#
§.......#
#.###...###..#
≈...###.# #.# ##.##
#..###### ≈≈..# #.#
#.# #.# #........
8≈..# #.## #.####.#
#.....# ≈≈.## #..#
#..Y...######.##
≈..# ##.#
#####.......#.####.
..## #.#
#..._.........# ###
#.# #.._8_..#.###.#


You could see a troll and an ice beast.

Vanquished Creatures
  A water moccasin (D:7)
  A sky beast (D:7)
  Purgy (Sewer)
  A phantom (D:6)
  2 bullfrogs
  6 killer bees (D:7)
  A centaur zombie (D:5)
  2 hounds
  A jelly (D:5)
  An orc priest (D:7)
  2 orc wizards (D:7)
  Crazy Yiuf (D:3)
  An iguana (D:6)
  2 worker ants
  A hound skeleton (D:7)
  A worker ant zombie (D:5)
  2 howler monkey skeletons
  3 gnolls (D:2)
  4 adders
  A white imp (D:6)
  A worm (D:3)
  3 dart slugs
  4 leopard geckos
  7 orcs
  2 ball pythons (Sewer)
  5 giant cockroaches
  5 goblins
  9 hobgoblins
  16 jackals
  4 kobolds
  9 bats
  11 frilled lizards
  A jackal skeleton (D:5)
  A jackal zombie (D:5)
  A leopard gecko zombie (D:5)
  A quokka skeleton (D:7)
  A quokka zombie (D:5)
  3 rats
119 creatures vanquished.

Vanquished Creatures (collateral kills)
  An ice beast (D:7)
  A hound (D:7)
  Jessica (D:3)
  Ijyb (D:4)
  A gnoll (D:2)
  2 worms (D:3)
  3 orcs (D:3)
  A bat (D:3)
  2 hobgoblins (D:3)
  3 jackals (D:3)
16 creatures vanquished.

Vanquished Creatures (others)
  10 plants (D:7)
10 creatures vanquished.

Grand Total: 145 creatures vanquished

Notes
Turn   | Place    | Note
-------+----------+-------------------------------------------
     0 | D:1      | Conn the Octopode Hedge Wizard began the quest for the Orb.
     0 | D:1      | Reached XP level 1. HP: 11/11 MP: 4/4
   487 | D:1      | Reached XP level 2. HP: 16/17 MP: 0/6
  1021 | D:1      | Reached XP level 3. HP: 9/21 MP: 8/8
  1712 | D:2      | Reached skill level 4 in Spellcasting
  1739 | D:2      | Learned a level 2 spell: Blink
  1742 | D:2      | Learned a level 2 spell: Call Imp
  1746 | D:2      | Learned a level 3 spell: Conjure Flame
  1891 | D:2      | Reached XP level 4. HP: 16/27 MP: 1/10
  2389 | D:2      | Found a shattered altar of Ashenzari.
  2784 | D:3      | Found a glowing drain.
  2963 | Sewer    | Entered a sewer
  3000 | Sewer    | Reached XP level 5. HP: 32/32 MP: 8/11
  3005 | Sewer    | Learned a level 3 spell: Mephitic Cloud
  3044 | Sewer    | Noticed Purgy
  3057 | Sewer    | Killed Purgy
  3057 | Sewer    | Reached skill level 1 in Fighting
  3057 | Sewer    | Reached skill level 1 in Short Blades
  3382 | D:3      | Found a faded altar of an unknown god.
  3398 | D:3      | Reached XP level 6. HP: 38/38 MP: 0/13
  3727 | D:3      | Noticed Jessica
  3734 | D:3      | Killed Jessica
  3775 | D:3      | Found a runed translucent door.
  3776 | D:3      | Noticed Crazy Yiuf
  3829 | D:3      | Killed Crazy Yiuf
  3990 | D:3      | Found a basalt altar of Yredelemnul.
  3991 | D:3      | Found a glowing silver altar of Zin.
  3992 | D:3      | Found an opulent altar of Gozag.
  3994 | D:3      | Found a hide-covered altar of Uskayaw.
  3995 | D:3      | Found a blossoming altar of Fedhas.
  4031 | D:3      | Reached skill level 5 in Spellcasting
  4426 | D:4      | Found a sacrificial altar of Ru.
  4710 | D:4      | Noticed Ijyb
  4734 | D:4      | Killed Ijyb
  5004 | D:5      | Entered Level 5 of the Dungeon
  5145 | D:5      | Reached skill level 1 in Maces & Flails
  5258 | D:5      | Reached XP level 7. HP: 40/44 MP: 15/15
  5479 | D:5      | Found a shimmering altar of Xom.
  5480 | D:5      | Found a hazy altar of Hepliaklqana.
  5480 | D:5      | Noticed a tentacled monstrosity
  5481 | D:5      | Noticed a spectral ugly thing
  5741 | D:6      | Found a hazy altar of Hepliaklqana.
  6382 | D:7      | Reached XP level 8. HP: 51/51 MP: 10/16
  6394 | D:7      | Reached skill level 5 in Stealth
  6570 | D:7      | Found a shattered altar of Ashenzari.
  6570 | D:7      | Found a snail-covered altar of Cheibriados.
  6571 | D:7      | Found an iron altar of Okawaru.
  6571 | D:7      | Found an ornate altar of the Wu Jian Council.
  6590 | D:7      | Reached skill level 6 in Spellcasting
  6797 | D:7      | Found a sparkling altar of Nemelex Xobeh.
  6797 | D:7      | Noticed a troll
  6803 | D:7      | Noticed a troll
  6843 | D:7      | Slain by a troll

Illustrated notes

Levels and vault maps discovered:
D:1:      psy_arrival_radial02, layout_basic
D:2:      layout_basic, ashenzari_altar_1
D:3:      layout_loops_ring, grunt_temple_overflow_open,
          chequers_ecumenical_altar_island, cheibrodos_sewer_entry_drain,
          uniq_crazy_yiuf_cottage, uniq_jessica
D:4:      layout_rooms, nicolae_ru_awakened_eye, uniq_ijyb
D:5:      layout_cave_pods, regret_index_temple_of_mockery
D:6:      layout_rooms, basic_altar
D:7:      layout_loops_ring, old_standard_altar,
          chequers_temple_overflow_statue_of_worship,
          minmay_temple_entry_drinking_statues, moated_statue,
          minmay_shattered_shrine

Skill      XL: |  1  2  3  4  5  6  7  8 |
---------------+-------------------------+-----
Stealth        | 3 4 5 |  5.7
Spellcasting   | 4 5 6 |  6.1
Fighting       | 1 2 3 |  3.4
Short Blades   | 1 |  1.0
Conjurations   | 2 |  2.6
Maces & Flails | 1 3 4 |  4.0
Dodging        | 3 |  3.2
Summonings     | 2 |  2.4
Translocations | |  1.0
Poison Magic   | |  0.3

Action                   |  1- 3 |  4- 6 |  7- 9 || total
-------------------------+-------+-------+-------++-------
Melee: Dagger            |    52 |    12 |       ||    64
       Constrict         |    13 |    19 |    14 ||    46
       Tentacles         |     8 |    13 |    13 ||    34
       Short sword       |       |    21 |       ||    21
       Dire flail        |       |    23 |    64 ||    87
       Staff             |       |    11 |       ||    11
Throw: Dart              |       |     2 |       ||     2
 Cast: Magic Dart        |    35 |    91 |     7 ||   133
       Call Imp          |     2 |    17 |    14 ||    33
       Blink             |       |     2 |       ||     2
       Mephitic Cloud    |       |     1 |     3 ||     4
  Use: Scroll            |     1 |     9 |     3 ||    13
 Stab: Sleeping          |     5 |     6 |     3 ||    14
       Confused          |       |       |     2 ||     2
Armor: Skin              |     7 |     9 |     9 ||    25
Dodge: Dodged            |    29 |    47 |    29 ||   105

Table legend: (Time is in decaauts)
 A = Elapsed time spent in this place.
 B = Non-inter-level travel time spent in this place.
 C = Inter-level travel time spent in this place.
 D = Time resting spent in this place.
 E = Time spent auto-exploring this place.
 F = Levels seen in this place.
 G = Mean time per level.
                   A        B        C        D        E       F      G
               +--------+--------+--------+--------+--------+-----+--------+
         Total |   6855 |   6741 |    114 |   1673 |   3169 |   8 |  856.9 |
       Dungeon |   6468 |   6354 |    114 |   1584 |   3009 |   7 |  924.0 |
         Sewer |    386 |    386 |      0 |     89 |    160 |   1 |  386.0 |
               +--------+--------+--------+--------+--------+-----+--------+

Top non-repeatable levels by time:
     D:1: 1523 daAuts
     D:3: 1268 daAuts
     D:2: 1234 daAuts
     D:7: 980 daAuts
     D:4: 589 daAuts
     D:5: 519 daAuts
   Sewer: 386 daAuts
     D:6: 353 daAuts
